 Dungeon Crawl Stone Soup version 0.30-a0-222-ge547ba4400 (webtiles) character file.

Game seed: 8455629554925525203

851 qw the Chopper (level 8, -1/48 HPs)
             Began as a Gargoyle Fighter on Oct 8, 2022.
             Slain by a troll (4 damage)
             ... on level 8 of the Dungeon.
             The game lasted 00:02:19 (4407 turns).

qw the Chopper (Gargoyle Fighter)                   Turns: 4407, Time: 00:02:19

Health: -1/48      AC: 21    Str: 26    XL:     8   Next: 1%
Magic:  8/8        EV:  7    Int:  5    God:
Gold:   38         SH: 10    Dex: 15    Spells: 7/7 levels left

rFire   + + .      SeeInvis +    Y - +1 war axe
rCold   + . .      Faith    .    m - +0 kite shield
rNeg    + + .      Spirit   .    c - +0 chain mail
rPois   inf        Reflect  .    b - +4 hat "Oklewabu" {rN+ Will- Dex+6}
rElec   +          Harm     .    (no cloak)
rCorr   +          Rampage  .    f - +2 pair of gloves
Will    .....                    (no boots)
Stlth   ..........               (no amulet)
HPRegen 0.28/turn                l - ring of resist corrosion
MPRegen 0.11/turn                k - ring "Busmet" {rF++ rC+ Str+4 Int-4 SInv}

@: no status effects
A: sickness immunity, AC +5, negative energy resistance 1, electricity
resistance, torment resistance 1, petrification resistance
a: no special abilities


You were on level 8 of the Dungeon.
You visited 1 branch of the dungeon, and saw 7 of its levels.

You collected 318 gold pieces.
You spent 280 gold pieces at shops.


Innate Abilities, Weirdness & Mutations

You are immune to sickness and miasma.
Your stone body is resilient. (AC +5)
You are immune to poison.
You resist negative energy. (rN+)
You are resistant to electric shocks. (rElec)
You are resistant to unholy torment.
You are immune to petrification.


   Skills:
 - Level 4.2 Fighting
 + Level 6.4 Axes
 - Level 3.2 Armour
 - Level 1.0 Dodging
 - Level 6.1 Shields


You had 7 spell levels left.
You didn't know any spells.
Your spell library was empty.

Inventory:

Hand Weapons
 g - a +0 flail
 Y - a +1 war axe (weapon)
Missiles
 e - 3 boomerangs (quivered)
Armour
 b - the +4 hat "Oklewabu" (worn) {rN+ Will- Dex+6}
   (You acquired it on level 5 of the Dungeon)

   Dex:       It affects your dexterity (+6).
   rN:        It protects you from negative energy.
   Will:      It decreases your willpower.
 c - a +0 chain mail (worn)
 f - a +2 pair of gloves (worn)
 m - a +0 kite shield (worn)
Jewellery
 k - the ring "Busmet" (right hand) {rF++ rC+ Str+4 Int-4 SInv}
   (You found it on level 5 of the Dungeon)

   [ring of see invisible]

   Str:       It affects your strength (+4).
   Int:       It affects your intelligence (-4).
   rF:        It greatly protects you from fire.
   rC:        It protects you from cold.
   SInv:      It lets you see invisible.
 l - a ring of resist corrosion (left hand)
Scrolls
 h - a scroll of identify
 j - a scroll of enchant armour
Potions
 a - 2 potions of lignification
 d - 4 potions of might
 i - a potion of cancellation
 o - 2 potions of curing
 p - a potion of mutation {unknown}
 q - a potion of haste {unknown}

Dungeon Overview and Level Annotations

Branches:
Dungeon (6/15)
 Temple: D:4-7

Altars:
Gozag
Nemelex Xobeh

Shops:
D:4 *   D:5 ::*

Annotations:
D:8 1 runed translucent door, qw's ghost, novice GrFi


Message History

You hit the cyclops.
The cyclops is moderately wounded.
You hit the troll but do no damage.
You hit the steam dragon but do no damage.
The steam dragon bites you but does no damage.
The steam dragon closely misses you. You block the troll's attack.
The troll claws you but does no damage. The troll claws you.
The cyclops hits you but does no damage.
You slash the cyclops!
The cyclops is severely wounded.
You closely miss the steam dragon. You slash the troll!
The steam dragon breathes steam at you. The ball of steam hits you. You resist.
You block the troll's attack. The troll claws you but does no damage.
The troll barely misses you. You block the cyclops's attack.
The troll closely misses you.
The troll claws you but does no damage. x2; The steam dragon bites you!
The steam dragon claws you but does no damage.
You slash the cyclops!
The cyclops is severely wounded.
You hit the steam dragon but do no damage.
You hit the troll. You block the cyclops's attack.
The steam dragon closely misses you. x2
The troll closely misses you. The troll barely misses you. The troll claws you.
You hit the cyclops.
The cyclops is severely wounded.
You hit the steam dragon but do no damage.
You barely miss the troll.
The steam dragon bites you but does no damage.
The steam dragon claws you but does no damage.
The troll barely misses you.
The troll claws you but does no damage. x2
The cyclops closely misses you.
You hit the cyclops.
The cyclops is almost dead.
You slash the steam dragon! You barely miss the troll.
The steam dragon breathes steam at you. The ball of steam misses you.
You block the troll's attack. The troll claws you but does no damage.
The troll barely misses you. The cyclops hits you!
You block the troll's attack. The troll claws you but does no damage.
The troll claws you.
You die...

... ..!# ###..# . #
..#..# .. ##.
####.#..# #..
#..###....#..#
..##.##....C.#..#
...#$....D@¤¤¤#
#.##....T.#..#
#..###....#..#
##...####.#..#
##.......#.[#
#####.#####..#
#............#######
#.#................#
#....#.####.####.#


You could see a cyclops, a troll and a steam dragon (catching breath).

Vanquished Creatures
  Sigmund (D:3)
  Menkaure (D:4)
  An ogre (D:4)
  A scorpion (D:5)
  2 jellies
  A gnoll bouda (D:4)
  2 iguanas
  Natasha (twice) (D:4)
  An orc wizard (D:8)
  4 gnolls (D:4)
  6 adders
  5 worms
  3 dart slugs
  7 orcs
  10 ball pythons
  2 bats (D:3)
  5 endoplasms
  A giant cockroach (D:1)
  16 goblins
  9 hobgoblins
  6 jackals
  6 kobolds
  10 quokkas
  2 frilled lizards (D:1)
  4 rats
108 creatures vanquished.

Vanquished Creatures (others)
  6 plants (D:8)
6 creatures vanquished.

Grand Total: 114 creatures vanquished

Notes
Turn   | Place    | Note
-------+----------+-------------------------------------------
     0 | D:1      | qw the Gargoyle Fighter began the quest for the Orb.
     0 | D:1      | Reached XP level 1. HP: 14/14 MP: 1/1
     0 | D:1      | 0 ||| qw: Version: 0.2-a-17-g79969f3
     0 | D:1      | 0 ||| qw: Game counter: 1970
     0 | D:1      | 0 ||| qw: Always use a shield: true
     0 | D:1      | 0 ||| qw: God list: Okawaru
     0 | D:1      | 0 ||| qw: Allow faded altars: false
     0 | D:1      | 0 ||| qw: Do Orc after D:15 true
     0 | D:1      | 0 ||| qw: Do second Lair branch before Depths: true
     0 | D:1      | 0 ||| qw: Lair rune preference: random
     0 | D:1      | 0 ||| qw: Plans: Normal, Zot:1-4, God:TSO, Crypt, Tomb,
                  | Pan, Slime:5, Hells, Abyss, Orb
     0 | D:1      | 0 ||| PLANNING D:1-11
    25 | D:1      | 25 ||| Stepping ~*~*~tactically~*~*~ (hiding).
    34 | D:1      | Reached XP level 2. HP: 19/19 MP: 2/2
   289 | D:1      | 289 ||| DROPPING +0 club.
   325 | D:1      | Reached skill level 3 in Axes
   370 | D:1      | Reached XP level 3. HP: 20/23 MP: 3/3
   418 | D:1      | 418 ||| Stepping ~*~*~tactically~*~*~ (stealth).
   662 | D:1      | 662 ||| UPGRADING to +2 pair of gloves.
   667 | D:1      | 667 ||| UPGRADING to +0 kite shield.
   677 | D:1      | 677 ||| DROPPING +0 buckler.
   678 | D:1      | 678 ||| UPGRADING to ring of resist corrosion.
   679 | D:1      | 679 ||| READING scroll labelled HIAPTI MINICI.
   680 | D:1      | 680 ||| READING 2 scrolls labelled ZOMOSUG XUAGIS.
   681 | D:1      | 681 ||| READING scroll labelled CAIZAA NUNYILO.
   719 | D:2      | 719 ||| Stepping ~*~*~tactically~*~*~ (stealth).
   720 | D:2      | 720 ||| Stepping ~*~*~tactically~*~*~ (stealth).
   802 | D:2      | 802 ||| DROPPING +0 mace.
   869 | D:2      | 869 ||| Stepping ~*~*~tactically~*~*~ (stealth).
   887 | D:2      | 887 ||| Stepping ~*~*~tactically~*~*~ (stealth).
   896 | D:2      | Reached XP level 4. HP: 17/28 MP: 4/4
  1403 | D:2      | 1403 ||| READING scroll labelled CUPRIR YXTIF.
  1404 | D:2      | 1404 ||| READING 2 scrolls of identify.
  1404 | D:2      | 1404 ||| IDENTIFYING viscous orange potion
  1529 | D:3      | Reached XP level 5. HP: 32/32 MP: 5/5
  1556 | D:3      | 1556 ||| Stepping ~*~*~tactically~*~*~ (stealth).
  1675 | D:3      | Found a faded altar of an unknown god.
  1689 | D:3      | Noticed Sigmund
  1698 | D:3      | 1698 ||| DRINKING potion of curing.
  1698 | D:3      | 1698 ||| (to cure confusion)
  1706 | D:3      | Killed Sigmund
  1707 | D:3      | Reached skill level 6 in Shields
  1707 | D:3      | Reached XP level 6. HP: 37/37 MP: 6/6
  2125 | D:3      | 2125 ||| READING scroll labelled UMANNE SILE.
  2126 | D:3      | 2126 ||| READING scroll labelled UKHIGG XEME.
  2127 | D:3      | 2127 ||| READING scroll labelled WEBEGA RILEFE.
  2132 | D:3      | 2132 ||| READING 2 scrolls of identify.
  2132 | D:3      | 2132 ||| IDENTIFYING sedimented green potion
  2140 | D:4      | Found an opulent altar of Gozag.
  2140 | D:4      | Found Gozag's Platinum Reserve.
  2151 | D:4      | 2151 ||| SHOPLISTING amulet of Day {Faith Rampage Dex+3}
                  | (5330 gold, have 186).
  2151 | D:4      | 2151 ||| SHOPLISTING ring "Edics" {Dex+5 Slay-5 SInv} (1500
                  | gold, have 186).
  2151 | D:4      | 2151 ||| SHOPLISTING ring "Warphoeh" {Ice Dex+4} (4040
                  | gold, have 186).
  2181 | D:4      | Noticed Menkaure
  2188 | D:4      | Killed Menkaure
  2189 | D:4      | Reached XP level 7. HP: 35/41 MP: 7/7
  2203 | D:4      | 2203 ||| Stepping ~*~*~tactically~*~*~ (stealth).
  2315 | D:4      | Noticed Natasha
  2323 | D:4      | Killed Natasha
  2441 | D:4      | HP: 8/43 [gnoll/+0 spear[a gnoll bouda] (3)]
  2442 | D:4      | 2442 ||| DRINKING 2 potions of heal wounds.
  2446 | D:4      | 2446 ||| DRINKING potion of heal wounds.
  2515 | D:4      | 2515 ||| DROPPING +4 whip.
  2520 | D:4      | Found a sparkling altar of Nemelex Xobeh.
  2531 | D:4      | 2531 ||| READING 2 scrolls of identify.
  2531 | D:4      | 2531 ||| IDENTIFYING orange potion
  2532 | D:4      | 2532 ||| DROPPING potion of flight.
  2533 | D:4      | 2533 ||| Stepping randomly (stuck).
  2534 | D:4      | 2534 ||| Stepping randomly (stuck).
  2535 | D:4      | 2535 ||| Stepping randomly (stuck).
  2536 | D:4      | 2536 ||| Stepping randomly (stuck).
  2537 | D:4      | 2537 ||| Stepping randomly (stuck).
  2538 | D:4      | 2538 ||| Stepping randomly (stuck).
  2539 | D:4      | 2539 ||| Stepping randomly (stuck).
  2540 | D:4      | 2540 ||| Stepping randomly (stuck).
  2541 | D:4      | 2541 ||| Stepping randomly (stuck).
  2542 | D:4      | 2542 ||| Stepping randomly (stuck).
  2543 | D:4      | 2543 ||| Stepping randomly (stuck).
  2544 | D:4      | 2544 ||| Stepping randomly (stuck).
  2545 | D:4      | 2545 ||| Stepping randomly (stuck).
  2546 | D:4      | 2546 ||| Stepping randomly (stuck).
  2547 | D:4      | 2547 ||| Stepping randomly (stuck).
  2548 | D:4      | 2548 ||| Stepping randomly (stuck).
  2549 | D:4      | 2549 ||| Stepping randomly (stuck).
  2550 | D:4      | 2550 ||| Stepping randomly (stuck).
  2551 | D:4      | 2551 ||| Stepping randomly (stuck).
  2553 | D:4      | 2553 ||| Stepping randomly (stuck).
  2555 | D:4      | 2555 ||| Stepping randomly (stuck).
  2556 | D:4      | 2556 ||| Stepping randomly (stuck).
  2557 | D:4      | 2557 ||| Stepping randomly (stuck).
  2558 | D:4      | 2558 ||| Stepping randomly (stuck).
  2559 | D:4      | 2559 ||| Stepping randomly (stuck).
  2560 | D:4      | 2560 ||| Stepping randomly (stuck).
  2561 | D:4      | 2561 ||| Stepping randomly (stuck).
  2562 | D:4      | 2562 ||| Stepping randomly (stuck).
  2563 | D:4      | 2563 ||| Stepping randomly (stuck).
  2564 | D:4      | 2564 ||| Stepping randomly (stuck).
  2565 | D:4      | 2565 ||| Stepping randomly (stuck).
  2566 | D:4      | 2566 ||| Stepping randomly (stuck).
  2567 | D:4      | 2567 ||| Stepping randomly (stuck).
  2568 | D:4      | 2568 ||| Stepping randomly (stuck).
  2569 | D:4      | 2569 ||| Stepping randomly (stuck).
  2570 | D:4      | 2570 ||| Stepping randomly (stuck).
  2571 | D:4      | 2571 ||| Stepping randomly (stuck).
  2572 | D:4      | 2572 ||| Stepping randomly (stuck).
  2573 | D:4      | 2573 ||| Stepping randomly (stuck).
  2574 | D:4      | 2574 ||| Stepping randomly (stuck).
  2575 | D:4      | 2575 ||| Stepping randomly (stuck).
  2576 | D:4      | 2576 ||| Stepping randomly (stuck).
  2577 | D:4      | 2577 ||| Stepping randomly (stuck).
  2578 | D:4      | 2578 ||| Stepping randomly (stuck).
  2579 | D:4      | 2579 ||| Stepping randomly (stuck).
  2580 | D:4      | 2580 ||| Stepping randomly (stuck).
  2581 | D:4      | 2581 ||| Stepping randomly (stuck).
  2582 | D:4      | 2582 ||| Stepping randomly (stuck).
  2583 | D:4      | 2583 ||| Stepping randomly (stuck).
  2584 | D:4      | 2584 ||| Stepping randomly (stuck).
  2585 | D:4      | 2585 ||| Stepping randomly (stuck).
  2586 | D:4      | 2586 ||| Stepping randomly (stuck).
  2587 | D:4      | 2587 ||| Stepping randomly (stuck).
  2588 | D:4      | 2588 ||| Stepping randomly (stuck).
  2589 | D:4      | 2589 ||| Stepping randomly (stuck).
  2590 | D:4      | 2590 ||| Stepping randomly (stuck).
  2591 | D:4      | 2591 ||| Stepping randomly (stuck).
  2592 | D:4      | 2592 ||| Stepping randomly (stuck).
  2602 | D:4      | Reached skill level 1 in Dodging
  2994 | D:4      | Noticed Natasha
  2999 | D:4      | Killed Natasha
  3325 | D:4      | 3325 ||| READING scroll labelled YSUTWA UBOL.
  3359 | D:4      | 3359 ||| READING scroll labelled JAVUPT YFEGOYL.
  3379 | D:5      | Entered Level 5 of the Dungeon
  3411 | D:5      | Reached skill level 6 in Axes
  3494 | D:5      | 3494 ||| DROPPING +1 whip of venom.
  3546 | D:5      | 3546 ||| Stepping ~*~*~tactically~*~*~ (stealth).
  3553 | D:5      | 3553 ||| Stepping ~*~*~tactically~*~*~ (stealth).
  3636 | D:5      | Found Muazea's Book Shop.
  3817 | D:5      | Found Icheps's Book Shoppe.
  3846 | D:5      | Identified the ring "Busmet" {rF++ rC+ Str+4 Int-4 SInv}
  4010 | D:5      | Found Qij Wuet's Assorted Antiques.
  4011 | D:5      | 4011 ||| Stepping ~*~*~tactically~*~*~ (stealth).
  4012 | D:5      | 4012 ||| Stepping ~*~*~tactically~*~*~ (stealth).
  4034 | D:5      | 4034 ||| SHOPLISTING +4 skin of Zhor {*Englaciate rC+++
                  | SInv} (2128 gold, have 318).
  4034 | D:5      | 4034 ||| BUYING 2 potions of curing (192 gold).
  4034 | D:5      | Bought 2 potions of curing for 192 gold pieces
  4034 | D:5      | 4034 ||| BUYING bubbling orange potion (28 gold).
  4034 | D:5      | Bought a bubbling orange potion for 28 gold pieces
  4034 | D:5      | 4034 ||| BUYING puce potion (28 gold).
  4034 | D:5      | Bought a puce potion for 28 gold pieces
  4034 | D:5      | 4034 ||| BUYING scroll labelled BIUGIP XORR (32 gold).
  4034 | D:5      | Bought a scroll labelled BIUGIP XORR for 32 gold pieces
  4106 | D:5      | 4106 ||| UPGRADING to +0 chain mail.
  4116 | D:5      | 4116 ||| DROPPING +0 scale mail.
  4117 | D:5      | 4117 ||| UPGRADING to ring "Busmet" {rF++ rC+ Str+4 Int-4
                  | SInv}.
  4118 | D:5      | 4118 ||| READING scroll labelled JUOQYLIAXTI.
  4119 | D:5      | 4119 ||| READING scroll labelled BIUGIP XORR.
  4119 | D:5      | 4119 ||| ACQUIRING +4 hat "Oklewabu" {rN+ Will- Dex+6}
  4119 | D:5      | Acquired the +4 hat "Oklewabu" {rN+ Will- Dex+6}
  4121 | D:5      | 4121 ||| UPGRADING to +4 hat "Oklewabu" {rN+ Will- Dex+6}.
  4126 | D:5      | 4126 ||| DRINKING 2 viscous purple potions.
  4231 | D:5      | 4231 ||| READING 2 scrolls of identify.
  4231 | D:5      | 4231 ||| IDENTIFYING metallic red potion
  4232 | D:5      | 4232 ||| DROPPING potion of berserk rage.
  4255 | D:6      | You fall into a shaft and drop 2 floors!
  4268 | D:8      | Found a runed translucent door.
  4268 | D:8      | Noticed a ynoxinul
  4269 | D:8      | Noticed qw's ghost (novice GrFi)
  4282 | D:8      | 4282 ||| Stepping ~*~*~tactically~*~*~ (hiding).
  4285 | D:8      | 4285 ||| Stepping ~*~*~tactically~*~*~ (hiding).
  4286 | D:8      | 4286 ||| Stepping ~*~*~tactically~*~*~ (hiding).
  4300 | D:8      | Reached XP level 8. HP: 48/48 MP: 8/8
  4397 | D:8      | Noticed a cyclops
  4397 | D:8      | Noticed a troll
  4404 | D:8      | HP: 10/48 [steam dragon (7)]
  4407 | D:8      | HP: 3/48 [cyclops (7)]
  4407 | D:8      | Slain by a troll

Levels and vault maps discovered:
D:1:      tarquinn_simple_flora_water_f, layout_basic
D:2:      kennysheep_the_goblin_king, layout_rooms, kennysheep_generic_room_13
D:3:      layout_rooms, basic_ecumenical_altar, amethyst_killhole,
          minmay_misc_feat_x, hangedman_decor_riveting, kennysheep_cross_room,
          kennysheep_generic_room_11, uniq_sigmund
D:4:      layout_basic, amcnicky_altar_gilded, nicolae_gozag_zags_fifth_avenue,
          kennysheep_generic_room_9, uniq_menkaure, uniq_natasha
D:5:      layout_basic, serial_shops, shop, shop_fountains,
          nicolae_shop_advertising_works [nicolae_subvault_shop_adworks]
D:6:      layout_basic, mainiacjoe_overflow_swirl, minmay_temple_entry_tees,
          uniq_duvessa, uniq_pikel
D:8:      minmay_the_grid_plus [minmay_the_grid_stretched_grid,
          minmay_the_grid_plusring, minmay_the_grid_armoury,
          minmay_the_grid_large_cup,
          minmay_the_grid_prize_four_corners_diamond_a], layout_basic,
          minmay_lair_entry_grove, hellmonk_ghost_big_iron

Skill      XL: |  1  2  3  4  5  6  7 |
---------------+----------------------+-----
Axes           | 2 3 4 5 6 |  6.4
Shields        | 4 6 |  6.1
Fighting       | 4 |  4.2
Dodging        | 1 |  1.0
Armour         | |  3.2

Action                   |  1- 3 |  4- 6 |  7- 9 || total
-------------------------+-------+-------+-------++-------
Melee: War axe           |    99 |   145 |   138 ||   382
  Use: Scroll            |     3 |     6 |     6 ||    15
       Potion            |       |     1 |     3 ||     4
Armor: Scale mail        |    65 |   110 |    58 ||   233
       Chain mail        |       |       |    22 ||    22
Dodge: Dodged            |    42 |    68 |    67 ||   177
Block: Buckler           |     8 |       |       ||     8
       Kite shield       |    21 |    73 |    86 ||   180

Table legend:
 A = Non-vault XP
 B = Vault XP
 C = Vault XP percentage of total XP
 D = Non-vault monster count
 E = Vault monster count
 F = Vault count percentage of total count
                 A         B        C        D         E       F
            +---------+---------+-------+---------+---------+-------
      Total |     761 |     455 |  37.4 |      94 |      14 |  13.0
            +---------+---------+-------+---------+---------+-------
        D:1 |      51 |       0 |   0.0 |      27 |       0 |   0.0
        D:2 |      77 |      14 |  15.4 |      21 |       8 |  27.6
        D:3 |      83 |     227 |  73.2 |      20 |       2 |   9.1
        D:4 |     343 |     214 |  38.4 |      14 |       4 |  22.2
        D:5 |     166 |       0 |   0.0 |       9 |       0 |   0.0
        D:8 |      41 |       0 |   0.0 |       3 |       0 |   0.0
            +---------+---------+-------+---------+---------+-------
